 Dungeon Crawl Stone Soup version 0.24.0-1-gfbc8707 (webtiles) character file.

Game seed: 4516746011031888702, levelgen mode: deterministic

37 Faca the Conjurer (level 3, 3/28 HPs)
             Began as a Gnoll Wanderer on Oct 31, 2019.
             Quit the game on level 2 of the Dungeon.
             The game lasted 00:02:51 (1415 turns).

Faca the Conjurer (Gnoll Wanderer)                  Turns: 1415, Time: 00:02:51

Health: 3/28       AC:  2    Str: 17    XL:     3   Next: 41%
Magic:  3/7        EV: 11    Int: 16    God:
Gold:   29         SH:  0    Dex: 10    Spells: 6/7 levels left

rFire    . . .     SeeInvis .   i - +2 dagger (pain)
rCold    . . .     Gourm    .   (no shield)
rNeg     + . .     Faith    .   e - +0 robe
rPois    .         Spirit   .   (no helmet)
rElec    .         Reflect  .   (no cloak)
rCorr    .         Harm     .   (no gloves)
MR       .....                  (no boots)
Stlth    ++........             (no amulet)
HPRegen  0.09/turn              g - ring of positive energy
MPRegen  0.10/turn              (no ring)

@: lethally poisoned (3 -> -2), very slightly contaminated
A: distributed training, fangs 1, strong nose
a: no special abilities


You were on level 2 of the Dungeon.
You were hungry.

You visited 1 branch of the dungeon, and saw 2 of its levels.

You collected 29 gold pieces.

Inventory:

Hand Weapons
 a - a +2 hand crossbow
 i - a +2 dagger of pain (weapon)
Missiles
 b - 21 bolts
Armour
 e - a +0 robe (worn)
Jewellery
 g - a ring of positive energy (left hand)
Scrolls
 d - a scroll of remove curse {unknown}
 h - a scroll of teleportation {unknown}
 j - 2 scrolls of identify {unknown}
Comestibles
 f - 2 rations


   Skills:
 + Level 2.6 Fighting
 + Level 0.7 Short Blades
 + Level 0.7 Long Blades
 + Level 0.7 Axes
 + Level 0.7 Maces & Flails
 + Level 0.7 Polearms
 + Level 0.7 Staves
 + Level 0.7 Slings
 + Level 0.7 Bows
 + Level 2.6 Crossbows
 + Level 0.7 Throwing
 + Level 2.6 Armour
 + Level 0.7 Dodging
 + Level 2.3 Stealth
 + Level 2.6 Shields
 + Level 0.7 Unarmed Combat
 + Level 2.8 Spellcasting
 + Level 5.4 Conjurations
 + Level 2.1 Hexes
 + Level 0.5 Charms
 + Level 0.5 Summonings
 + Level 0.5 Necromancy
 + Level 0.5 Translocations
 + Level 0.5 Transmutations
 + Level 0.5 Fire Magic
 + Level 0.5 Ice Magic
 + Level 0.5 Air Magic
 + Level 0.5 Earth Magic
 + Level 0.5 Poison Magic
 + Level 0.9 Invocations
 + Level 0.7 Evocations


You had 6 spell levels left.
You knew the following spells:

 Your Spells              Type           Power        Failure   Level  Hunger
a - Magic Dart            Conj           ###.         1%          1    #......

Your spell library contained the following spells:

 Spells                   Type           Power        Failure   Level  Hunger
 Stone Arrow              Conj/Erth      ##....       17%         3    ###....


Dungeon Overview and Level Annotations

Branches:
Dungeon (2/15)

Altars:


Innate Abilities, Weirdness & Mutations

Your experience applies equally to all skills.
You have very sharp teeth.
Your uncanny sense of smell can sniff out nearby items.


Message History

Casting: Magic Dart (safe; 1% risk of failure)
Confirm with . or Enter, or press ? or * to list all spells.
Aiming: Magic Dart (safe; 1% risk of failure)
Press: ? - help, Shift-Dir - straight line, f/p - adder
Aim: an adder (almost dead)
The magic dart hits the adder.
You kill the adder!
* * * LOW HITPOINT WARNING * * *
You feel sick.
You aren't carrying any potions.
* * * LOW HITPOINT WARNING * * *
You feel sick.
You see here a rapier.
There is a lethal amount of poison in your body!
* * * LOW HITPOINT WARNING * * *
You feel sick.
* * * LOW HITPOINT WARNING * * *
You feel sick.
There is a stone staircase leading up here.
Are you sure you want to abandon this character and quit the game? (Confirm with "yes".)

#.# #. .## #.#
#.#####... ..#
...#...# #.# #.#..#
#.# #....# #.# ####
##...######.##
...###..........@.#
..........)#####..#
.#.###...#...........
<...).....#######.####
..........# .#
...####.#.# .# .#.#
#.#.# .# ...# #.#.# ##
#(.. ..#.#


There were no monsters in sight!

Vanquished Creatures
  An adder (D:2)
  2 dart slugs
  A leopard gecko (D:1)
  9 goblins
  3 hobgoblins (D:1)
  4 bats (D:1)
  A frilled lizard (D:1)
  A kobold (D:1)
  A rat (D:1)
23 creatures vanquished.

Notes
Turn   | Place    | Note
-------+----------+-------------------------------------------
     0 | D:1      | Faca the Gnoll Wanderer began the quest for the Orb.
     0 | D:1      | Faca set off with the following items: a +2 hand crossbow,
                  | 21 bolts, a +0 hand axe, a +0 robe, a ration; and the
                  | following spell memorised: Magic Dart; and the following
                  | spells available to memorise: Stone Arrow
     0 | D:1      | Reached XP level 1. HP: 17/17 MP: 4/4
   459 | D:1      | Reached XP level 2. HP: 8/23 MP: 5/5
  1111 | D:1      | Reached XP level 3. HP: 16/28 MP: 7/7
  1415 | D:2      | Quit the game

Levels and vault maps discovered:
D:1:      dpeg_arrival_circle_labyrinth_a, layout_loops_ring
D:2:      layout_loops_ring, gammafunk_temple_overflow_elements,
          nicolae_dithmenos_through_a_glass_darkly, uniq_robin, uniq_jessica

Skill      XL: |  1 |
---------------+----+-----
Hexes          | 2 |  2.1
Fighting       | |  2.6
Short Blades   | |  0.7
Long Blades    | |  0.7
Axes           | |  0.7
Maces & Flails | |  0.7
Polearms       | |  0.7
Staves         | |  0.7
Slings         | |  0.7
Bows           | |  0.7
Crossbows      | |  2.6
Throwing       | |  0.7
Armour         | |  2.6
Dodging        | |  0.7
Stealth        | |  2.3
Shields        | |  2.6
Unarmed Combat | |  0.7
Spellcasting   | |  2.8
Conjurations   | |  5.4
Charms         | |  0.5
Summonings     | |  0.5
Necromancy     | |  0.5
Translocations | |  0.5
Transmutations | |  0.5
Fire Magic     | |  0.5
Ice Magic      | |  0.5
Air Magic      | |  0.5
Earth Magic    | |  0.5
Poison Magic   | |  0.5
Invocations    | |  0.9
Evocations     | |  0.7

Action                   || total
-------------------------++-------
Melee: Hand axe          ||    29
       Bite              ||     5
       Dagger            ||    43
 Cast: Magic Dart        ||     7
 Stab: Sleeping          ||     3
  Eat: Chunk             ||     1
Armor: Robe              ||     8
Dodge: Dodged            ||    37
